 Dungeon Crawl Stone Soup version 0.29-a0-885-gb26ba3297d (webtiles) character file.

Game seed: 12945185816776669024

770 xian the Conjurer (level 7, -2/48 HPs)
             Began as a Demonspawn Conjurer on July 21, 2022.
             Was an Initiate of Gozag.
             Slain by a two-headed ogre
             ... wielding a +0 giant club
              (19 damage)
             ... on level 6 of the Dungeon.
             The game lasted 00:10:53 (5980 turns).

xian the Conjurer (Demonspawn Conjurer)             Turns: 5980, Time: 00:10:54

Health: -2/48      AC:  3    Str:  8    XL:     7   Next: 52%
Magic:  3/14       EV: 12    Int: 24    God:    Gozag
Gold:   668        SH:  0    Dex: 15    Spells: 5/15 levels left

rFire   + . .      SeeInvis .   e - +0 dagger
rCold   x . .      Faith    .   (no shield)
rNeg    . . .      Spirit   .   a - +0 robe
rPois   .          Reflect  .   (no helmet)
rElec   .          Harm     .   (no cloak)
rCorr   .          Rampage  .   (no gloves)
Will    .....                   u - +0 pair of boots
Stlth   ++++......              (no amulet)
HPRegen 0.16/turn               h - ring of fire
MPRegen 0.14/turn               n - +3 ring of intelligence

@: no status effects
A: thin skeletal structure 2, spiny 1, demonic touch 2
a: Renounce Religion, Potion Petition, Call Merchant, Bribe Branch


You were on level 6 of the Dungeon.
You worshipped Gozag.
Gozag was pleased with you.
You visited 2 branches of the dungeon, and saw 7 of its levels.

You collected 1091 gold pieces.
You spent 378 gold pieces at shops.
You paid 45 gold pieces to Gozag.

Inventory:

Hand Weapons
 e - a +0 dagger (weapon)
Armour
 a - a +0 robe (worn)
 u - a +0 pair of boots (worn)
Jewellery
 h - a ring of fire (left hand)
 n - a +3 ring of intelligence (right hand)
Wands
 s - a wand of acid (5)
Scrolls
 g - 4 scrolls of teleportation
 i - 2 scrolls of brand weapon {unknown}
 k - 2 scrolls of noise {unknown}
 m - a scroll of butterflies {unknown}
 q - 2 scrolls of immolation {unknown}
Potions
 b - a potion of magic
 c - a potion of haste
 d - a potion of might {unknown}
 f - 4 potions of curing {unknown}
 j - a potion of resistance {unknown}
 l - 2 potions of lignification
 o - a potion of attraction {unknown}
 p - a potion of cancellation {unknown}
 r - a potion of degeneration {unknown}
 t - 2 potions of mutation {unknown}
 v - a potion of experience {unknown}
 w - a potion of ambrosia {unknown}


   Skills:
 + Level 1.3 Fighting
 + Level 1.7 Short Blades
 + Level 2.5 Dodging
 + Level 3.4 Stealth
 + Level 4.8 Spellcasting
 + Level 6.3 Conjurations
 + Level 0.3 Earth Magic


You had 5 spell levels left.
You knew the following spells:

 Your Spells              Type           Power      Damage    Failure   Level
a - Magic Dart            Conj           100%       1d8       1%          1
b - Searing Ray           Conj           72%        2d7       1%          2
c - Iskenderun's Mystic   Conj/Tloc      20%        2d6       24%         4
d - Stone Arrow           Conj/Erth      42%        3d9       7%          3

Your spell library contained the following spells:

 Spells                   Type           Power      Damage    Failure   Level
 Sandblast                Erth           14%        2d6       8%          1
 Dazzling Flash           Conj/Hex       40%        N/A       8%          3
 Passwall                 Tmut/Erth      5%         N/A       13%         2
 Ensorcelled Hibernation  Hex/Ice        10%        N/A       14%         2
 Sublimation of Blood     Necr           5%         N/A       14%         2
 Wereblood                Tmut           5%         N/A       14%         2
 Fulminant Prism          Conj/Hex       10%        3d9       24%         4
 Swiftness                Air            5%         N/A       26%         3
 Freezing Cloud           Conj/Ice/Air   7%         6-21      71%         5
 Summon Hydra             Summ           2%         N/A       100%        7
 Polar Vortex             Ice            2%         N/A       100%        9
 Simulacrum               Ice/Necr       Unusable   N/A       N/A         6

Dungeon Overview and Level Annotations

Branches:
Dungeon (6/15)             Temple (1/1) D:4

Altars:
Ashenzari
Dithmenos
Fedhas
Gozag
Ru
Vehumet
Wu Jian

Shops:
D:3 =   D:5 **


Innate Abilities, Weirdness & Mutations

You have a moderately thin skeletal structure. (Dex +4, Stealth++)
You are partially covered in sharp spines.
Your touch may inflict irresistible damage on your foes.


Message History

The searing ray hits the two-headed ogre.
The two-headed ogre is lightly wounded.
The searing ray hits the two-headed ogre.
The two-headed ogre is moderately wounded.
The two-headed ogre hits you but does no damage.
The two-headed ogre misses you.
The searing ray hits the two-headed ogre.
The two-headed ogre is moderately wounded.
You finish channelling your searing ray.
Casting: Searing Ray (safe; 1% risk of failure)
Confirm with . or Enter, or press ? or * to list all spells.
Aiming: Stone Arrow (dangerous; 7% risk of failure)
Press: ? - help, Shift-Dir - straight line, f/p - two-headed ogre
Aim: a two-headed ogre, wielding two +0 giant clubs (moderately wounded, 86% to hit)
Okay, then.
Casting: Stone Arrow (dangerous; 7% risk of failure)
Confirm with . or Enter, or press ? or * to list all spells.
The spell is quite dangerous to miscast (24% risk of failure)!
Continue anyway?
Uppercase [Y]es or [N]o only, please.
The spell is quite dangerous to miscast (24% risk of failure)!
Continue anyway?
You erupt in a blast of force!
The mystic blast hits the black bear!
The black bear is moderately wounded.
The black bear is knocked back by the mystic blast.
The mystic blast hits the two-headed ogre.
The two-headed ogre is heavily wounded.
The two-headed ogre is struck by your spines.
The two-headed ogre barely misses you. The two-headed ogre closely misses you.
Casting: Iskenderun's Mystic Blast (quite dangerous; 24% risk of failure)
Confirm with . or Enter, or press ? or * to list all spells.
Aiming: Searing Ray (safe; 1% risk of failure)
Press: ? - help, Shift-Dir - straight line, f/p - two-headed ogre
Aim: a two-headed ogre, wielding two +0 giant clubs (heavily wounded, 91% to hit)
The searing ray hits the two-headed ogre!
The two-headed ogre is severely wounded. (Press . to maintain the ray.)
The two-headed ogre hits you with a +0 giant club!!
Ouch! That really hurt!
The two-headed ogre hits you with a +0 giant club!!
You die...
Your body crumbles into a pile of gold.

## .#
######.#
#<.....#####
#.#.........
#.#.<.......
#h..........
#.O.........
#@..........
#..#+#+#+#+#
#....#
##.#..... $
#.#.#... #.#
. .. ... . .
.. ## ...


You could see a two-headed ogre and a black bear.

Vanquished Creatures
  A black bear (D:5)
  An ogre (D:5)
  2 necrophages (D:5)
  A scorpion (D:5)
  A jelly (D:3)
  2 orc priests (D:3)
  2 hounds (D:5)
  4 iguanas
  2 orc wizards (D:5)
  4 adders
  A dart slug (D:2)
  6 orcs
  11 endoplasms
  4 giant cockroaches
  A goblin (D:1)
  7 hobgoblins
  6 jackals (D:1)
  11 kobolds
  A quokka (D:1)
  11 ball pythons
  8 bats
  A frilled lizard (D:1)
  4 rats
92 creatures vanquished.

Vanquished Creatures (others)
  6 fungi (D:1)
  2 plants (D:1)
8 creatures vanquished.

Grand Total: 100 creatures vanquished

Notes
Turn   | Place    | Note
-------+----------+-------------------------------------------
     0 | D:1      | xian the Demonspawn Conjurer began the quest for the Orb.
     0 | D:1      | Reached XP level 1. HP: 13/13 MP: 3/3
   224 | D:1      | Gained mutation: Your touch may inflict minor irresistible
                  | damage on your foes. [demonic ancestry]
   224 | D:1      | Reached XP level 2. HP: 11/19 MP: 0/5
   763 | D:1      | Gained mutation: You have a somewhat thin skeletal
                  | structure. (Dex +2, Stealth+) [demonic ancestry]
   763 | D:1      | Reached XP level 3. HP: 24/24 MP: 3/6
   791 | D:1      | Found a faded altar of an unknown god.
  1580 | D:2      | Identified a scroll of acquirement
  1581 | D:2      | Acquired 708 gold pieces
  1982 | D:2      | Learned a level 2 spell: Searing Ray
  2548 | D:3      | Gained mutation: You are partially covered in sharp spines.
                  | [demonic ancestry]
  2548 | D:3      | Reached XP level 4. HP: 27/30 MP: 3/7
  2576 | D:3      | Reached skill level 1 in Short Blades
  2576 | D:3      | Reached skill level 5 in Conjurations
  2934 | D:3      | Learned a level 4 spell: Iskenderun's Mystic Blast
  2960 | D:3      | Found Isoubuequl's One-of-a-Kind Rings.
  2968 | D:3      | Bought a +3 ring of intelligence for 120 gold pieces
  2991 | D:3      | Found a blossoming altar of Fedhas.
  3001 | D:3      | Reached XP level 5. HP: 30/36 MP: 1/9
  3742 | D:4      | Found a staircase to the Ecumenical Temple.
  3750 | Temple   | Entered the Ecumenical Temple
  3817 | Temple   | Became a worshipper of Gozag Ym Sagoz the Greedy
  4335 | D:4      | Found a broken altar of Ashenzari.
  4340 | D:4      | Found a sacrificial altar of Ru.
  4632 | D:4      | Learned a level 3 spell: Stone Arrow
  4643 | D:5      | Entered Level 5 of the Dungeon
  4680 | D:5      | Found Mehicyq Bugi's Overcharged Wands.
  4779 | D:5      | Gained mutation: Your touch may inflict irresistible damage
                  | on your foes. [demonic ancestry]
  4779 | D:5      | Reached XP level 6. HP: 42/42 MP: 2/11
  4854 | D:5      | Found Ceigg's Assorted Antiques.
  4868 | D:5      | Bought a scroll labelled CUGEUSU ERRAGG for 27 gold pieces
  4868 | D:5      | Bought a pink potion for 24 gold pieces
  4868 | D:5      | Bought an emerald potion for 24 gold pieces
  4868 | D:5      | Bought a gold wand for 108 gold pieces
  4868 | D:5      | Bought a scroll labelled CUGEUSU ERRAGG for 27 gold pieces
  4868 | D:5      | Bought 2 sedimented purple potions for 48 gold pieces
  4976 | D:5      | Reached skill level 1 in Fighting
  5372 | D:5      | Gained mutation: You have a moderately thin skeletal
                  | structure. (Dex +4, Stealth++) [demonic ancestry]
  5372 | D:5      | Reached XP level 7. HP: 48/48 MP: 6/13
  5375 | D:5      | Reached skill level 6 in Conjurations
  5818 | D:5      | Found a shadowy altar of Dithmenos.
  5969 | D:6      | Noticed a two-headed ogre
  5980 | D:6      | Slain by a two-headed ogre

Illustrated notes

Levels and vault maps discovered:
D:1:      psy_arrival_basics, layout_basic, dreamdust_ecumenical_altar_grove
D:2:      layout_basic
D:3:      layout_basic, fedhas_altar_1, hangedman_decor_clover_reticule,
          nicolae_shop_unique_rings, minmay_misc_feat_tower
D:4:      layout_rooms, minmay_overflow_temple_star_quad,
          minmay_temple_entry_grid, serial_co_window_serial, co_window_corner_a,
          co_window_paths_a, co_window_corner_a, co_window_paths_a,
          co_window_of_opportunity_a, co_window_corner_a, co_window_broadway_c,
          co_window_corner_ca, co_window_corner_b, co_window_unsneaky_path_c
D:5:      layout_loops_ring, mainiacjoe_overflow_alcove_2, serial_shops,
          nicolae_shop_trees, nicolae_shop_overcharged_wands
D:6:      layout_basic, led_sif_book
Temple:   grunt_temple_mini_profane

Skill      XL: |  1  2  3  4  5  6  7 |
---------------+----------------------+-----
Dodging        | 2 |  2.5
Stealth        | 2 3 |  3.4
Short Blades   | 1 |  1.7
Conjurations   | 5 6 |  6.3
Spellcasting   | 3 4 |  4.8
Fighting       | 1 |  1.3
Earth Magic    | |  0.3

Action                   |  1- 3 |  4- 6 |  7- 9 || total
-------------------------+-------+-------+-------++-------
Melee: Dagger            |    28 |    10 |     4 ||    42
       Touch             |     4 |     4 |       ||     8
 Cast: Magic Dart        |    76 |    40 |     2 ||   118
       Searing Ray       |       |    10 |     6 ||    16
       Stone Arrow       |       |     4 |       ||     4
       Iskenderun's Myst |       |       |     1 ||     1
  Use: Scroll            |     4 |     2 |       ||     6
 Stab: Sleeping          |     2 |       |       ||     2
Armor: Robe              |     7 |     1 |     4 ||    12
Dodge: Dodged            |    28 |     7 |     4 ||    39

Table legend: (Time is in decaauts)
 A = Elapsed time spent in this place.
 B = Non-inter-level travel time spent in this place.
 C = Inter-level travel time spent in this place.
 D = Time resting spent in this place.
 E = Time spent auto-exploring this place.
 F = Levels seen in this place.
 G = Mean time per level.
                   A        B        C        D        E       F      G
               +--------+--------+--------+--------+--------+-----+--------+
         Total |   5976 |   5799 |    177 |     77 |   5149 |   7 |  853.7 |
       Dungeon |   5873 |   5730 |    143 |     77 |   5089 |   6 |  978.8 |
        Temple |    102 |     68 |     34 |      0 |     60 |   1 |  102.0 |
               +--------+--------+--------+--------+--------+-----+--------+

Top non-repeatable levels by time:
     D:2: 1420 daAuts
     D:5: 1325 daAuts
     D:1: 1122 daAuts
     D:3: 1004 daAuts
     D:4: 991 daAuts
  Temple: 102 daAuts
     D:6: 10 daAuts
